 Dungeon Crawl Stone Soup version 0.17-a0-1882-g750edc8 (webtiles) character file.

4753 glosham the Slicer (level 10, -1/68 HPs)
             Began as a Halfling Summoner on Sept 21, 2015.
             Was a Priest of Makhleb.
             Shot with a sling bullet by Joseph (4 damage)
             ... on level 10 of the Dungeon on Sept 22, 2015.
             The game lasted 02:51:05 (9721 turns).

glosham the Slicer (Halfling Summoner)              Turns: 9721, Time: 02:51:06

Health: -1/68      AC:  8    Str:  8    XL:     10   Next: 74%
Magic:  9/16       EV: 17    Int: 22    God:    Makhleb [***...]
Gold:   378        SH:  0    Dex: 16    Spells: 3 memorised, 9 levels left

rFire  . . .     SeeInvis .     c - +0 blowgun
rCold  . . .     Clarity  +     X - +1 robe of the Comet {rN+ rCorr Int+5}
rNeg   + . .     SustAt   .     (shield restricted)
rPois  +         Gourm    .     U - +2 helmet
rElec  .         Spirit   .     Y - +0 cloak
rCorr  +         Warding  .     V - +0 pair of gloves
rMut   .         Stasis   .     (no boots)
MR     +....                    z - amulet of clarity
Stlth  +++.......               B - ring of poison resistance
                                A - ring of protection from magic

@: drained, somewhat resistant to hostile enchantments, fairly stealthy
A: mutation resistance 1
a: Minor Destruction, Lesser Servant of Makhleb, Renounce Religion


You were on level 10 of the Dungeon.
You worshipped Makhleb.
Makhleb was most pleased with you.
You were not hungry.

You visited 2 branches of the dungeon, and saw 11 of its levels.

You collected 378 gold pieces.

Inventory:

Hand weapons
 a - a +3 dagger of venom
 b - a +4 quarterstaff of chaos
 c - a +0 blowgun (weapon)
 d - a +2 shortbow of flaming
 e - a +2 falchion of holy wrath
 f - a +2 dagger of chaos
Missiles
 l - 81 bolts
 p - 15 tomahawks
 q - 48 sling bullets
 x - 203 arrows
 G - 12 arrows of flame
 L - 12 poisoned needles (quivered)
 T - 14 silver bolts
Armour
 U - a +2 helmet (worn)
 V - a +0 pair of gloves (worn)
 X - the +1 robe of the Comet (worn) {rN+ rCorr Int+5}
   (You found it on level 9 of the Dungeon)

   It affects your intelligence (+5).
   It protects you from negative energy.
   It protects you from acid and corrosion.
 Y - a +0 cloak (worn)
 Z - a +0 buckler
Rods
 w - a +0 rod of ignition (10/10) {!a}
   (You found it on level 6 of the Dungeon)
Jewellery
 y - an uncursed amulet of rage
 z - an amulet of clarity (around neck)
 A - a ring of protection from magic (left hand)
 B - a ring of poison resistance (right hand)
 C - an uncursed ring of protection from cold
 D - an uncursed ring of fire
 F - an uncursed ring of flight
 Q - an uncursed ring of teleportation
Magical devices
 g - a wand of digging (12)
 h - a wand of lightning (11)
 i - a wand of enslavement (4)
Scrolls
 j - 4 scrolls of teleportation
 r - a scroll of enchant armour
 E - a scroll of fear
 H - a scroll of blinking
 J - 4 scrolls of remove curse
Potions
 m - 2 potions of brilliance
 n - a potion of lignification
 o - a potion of curing {unknown}
 s - a potion of might {unknown}
 t - a potion of resistance {unknown}
 u - 2 potions of heal wounds
 v - a potion of ambrosia
 M - a potion of flight
 W - 2 potions of agility
Comestibles
 k - a beef jerky
 P - 7 bread rations
 S - 14 fruits


   Skills:
 - Level 6.0(5.7) Fighting
 - Level 10.6(10.3) Short Blades
 - Level 5.4(5.1) Dodging
 - Level 3.2(2.9) Stealth
 * Level 4.5(4.3) Spellcasting
 - Level 5.4(5.1) Summonings
 - Level 6.2(5.9) Air Magic


You had 9 spell levels left.
You knew the following spells:

 Your Spells              Type           Power        Failure   Level  Hunger
c - Call Canine Familiar  Summ           ####....     4%          3    ##.....
i - Call Imp              Summ           ####....     1%          2    #......
z - Summon Lightning Spi  Summ/Air       ####....     12%         4    ####...


Dungeon Overview and Level Annotations

Branches:
Dungeon (10/15)            Temple (1/1) D:4
   Lair: D:8-11         Orc: D:9-12

Altars:
Ashenzari
Cheibriados
Dithmenos
Fedhas
Kikubaaqudgha
Makhleb
Nemelex Xobeh
Ru
Trog
Vehumet
Xom
Yredelemnul
Zin
The Shining One

Annotations:
D:10 Joseph


Innate Abilities, Weirdness & Mutations

You are small and have problems with some larger weapons.
You are somewhat resistant to further mutation.


Message History

Firing (i - inventory. (,) - cycle):
L - 17 poisoned needles (quivered)
Press: ? - help, Shift-Dir - straight line, f/p - Joseph
Aim: Joseph, wielding a hunting sling of flaming and wearing a leather armour (heavily wounded, poisoned)
You shoot a poisoned needle.
The poisoned needle completely misses the adder.
The poisoned needle hits Joseph.
Joseph is heavily wounded.
Your lightning spire shoots out a bolt of lightning at Joseph!
The bolt of electricity hits the adder.
The adder dies!
Makhleb accepts your kill.
The bolt of electricity hits Joseph.
Joseph shoots a sling bullet.
The sling bullet hits your lightning spire.
Firing (i - inventory. (,) - cycle):
L - 16 poisoned needles (quivered)
Press: ? - help, Shift-Dir - straight line, f/p - Joseph
Aim: Joseph, wielding a hunting sling of flaming and wearing a leather armour (severely wounded, poisoned)
You shoot a poisoned needle. The poisoned needle hits Joseph!
Joseph is severely wounded.
Joseph shoots a sling bullet.
The sling bullet misses you.
Firing (i - inventory. (,) - cycle):
L - 15 poisoned needles (quivered)
Press: ? - help, Shift-Dir - straight line, f/p - Joseph
Aim: Joseph, wielding a hunting sling of flaming and wearing a leather armour (severely wounded, poisoned)
You shoot a poisoned needle. The poisoned needle hits Joseph!
Joseph is severely wounded.
Joseph shoots a sling bullet.
The sling bullet hits you! The sling bullet burns you.
Firing (i - inventory. (,) - cycle):
L - 14 poisoned needles (quivered)
Press: ? - help, Shift-Dir - straight line, f/p - Joseph
Aim: Joseph, wielding a hunting sling of flaming and wearing a leather armour (severely wounded, poisoned)
You shoot a poisoned needle. The poisoned needle hits Joseph!
Joseph is severely wounded.
Firing (i - inventory. (,) - cycle):
L - 13 poisoned needles (quivered)
Press: ? - help, Shift-Dir - straight line, f/p - Joseph
Aim: Joseph, wielding a hunting sling of flaming and wearing a leather armour (severely wounded, poisoned)
You shoot a poisoned needle.
The poisoned needle barely misses Joseph.
Joseph shoots a sling bullet.
The sling bullet hits you!!
* * * LOW HITPOINT WARNING * * *
The sling bullet burns you.
You die...

#..##....###
##......##
##....###
##.).#######
###...)###...###
##....#)##......#
###...###....>....#
##.8.(##
#.........# #.(@###
##........##
......###
##.........# .(@..
#.........## #...
##........## #..
#........## ..
#.......## .
#.......##
#..#####.# ####
#.##


You could see Joseph and a friendly lightning spire.

Vanquished Creatures
  Psyche (D:8)
  A two-headed ogre (D:8)
  A hungry ghost (D:7)
  A hippogriff (D:9)
  Menkaure (D:5)
  2 ice beasts
  Duvessa (D:4)
  2 sky beasts
  3 orc warriors
  3 ogres
  A necrophage (D:4)
  5 centaurs
  4 giant frogs
  A scorpion (D:7)
  Dowan (D:4)
  A wight (D:10)
  6 crimson imps
  A centaur zombie (D:8)
  A giant frog zombie (D:6)
  5 hounds
  Crazy Yiuf (D:2)
  2 iguanas (D:9)
  A quasit (D:5)
  3 jellies
  4 orc priests
  2 gnoll shamans
  5 orc wizards
  2 giant frog skeletons
  7 worker ants
  A killer bee zombie (D:8)
  2 hound skeletons
  2 worker ant zombies
  5 adders
  10 gnolls
  2 shadow imps
  An adder skeleton (D:9)
  5 worms
  4 giant geckos
  21 orcs
  5 bats
  9 hobgoblins
  8 kobolds
  A ball python (D:7)
  10 giant cockroaches
  A giant gecko zombie (D:8)
  8 giant newts
  9 goblins
  14 jackals
  A jackal skeleton (D:4)
  8 quokkas
  5 rats
201 creatures vanquished.

Vanquished Creatures (collateral kills)
  The ghost of orochimarko the Grappler, an experienced TrMo of Dithmenos (D:10)
  A hungry ghost (D:10)
  An ice beast (D:6)
  A centaur (D:10)
  A wyvern zombie (D:7)
  A giant frog (D:10)
  A centaur zombie (D:5)
  A quasit (D:8)
  A crimson imp (D:5)
  4 wights
  A jelly (D:7)
  A centaur skeleton (D:8)
  2 orc wizards
  2 orc priests
  A worker ant (D:4)
  A killer bee zombie (D:6)
  5 adders
  3 gnolls
  A giant gecko (D:1)
  10 orcs
  2 hobgoblins (D:1)
  A kobold (D:1)
  A rat (D:2)
44 creatures vanquished.

Grand Total: 245 creatures vanquished

Notes
Turn   | Place    | Note
--------------------------------------------------------------
     0 | D:1      | glosham the Halfling Summoner began the quest for the Orb.
     0 | D:1      | Reached XP level 1. HP: 11/11 MP: 3/3
   135 | D:1      | Reached skill level 1 in Fighting
   240 | D:1      | Reached skill level 1 in Short Blades
   240 | D:1      | Reached XP level 2. HP: 5/18 MP: 2/4
   368 | D:1      | Reached skill level 2 in Short Blades
   540 | D:1      | Reached XP level 3. HP: 20/23 MP: 5/5
   660 | D:1      | Reached skill level 3 in Short Blades
   674 | D:1      | Learned a level 2 spell: Call Imp
  1667 | D:2      | Reached XP level 4. HP: 28/28 MP: 6/6
  1736 | D:2      | Reached skill level 4 in Short Blades
  1850 | D:1      | Learned a level 3 spell: Call Canine Familiar
  2080 | D:2      | Noticed Crazy Yiuf
  2106 | D:2      | Killed Crazy Yiuf
  2106 | D:2      | Reached skill level 5 in Short Blades
  2106 | D:2      | Reached XP level 5. HP: 33/33 MP: 7/7
  2863 | D:4      | Noticed Duvessa
  2864 | D:4      | Upgraded the game from 0.17-a0-1880-gacf7e67 to 0.17-a0-1882-g750edc8
  3026 | D:4      | Found a staircase to the Ecumenical Temple.
  3035 | Temple   | Entered the Ecumenical Temple
  3043 | Temple   | Became a worshipper of Makhleb the Destroyer
  3127 | D:4      | Reached skill level 2 in Fighting
  3127 | D:4      | Reached skill level 6 in Short Blades
  3148 | D:4      | Noticed a necrophage
  3165 | D:4      | Killed a necrophage
  3165 | D:4      | Reached XP level 6. HP: 39/41 MP: 0/8
  3247 | D:4      | Found a glowing silver altar of Zin.
  3639 | D:4      | Noticed Dowan
  3655 | D:4      | Killed Dowan
  3655 | D:4      | Reached skill level 3 in Fighting
  3786 | D:4      | Killed Duvessa
  3786 | D:4      | Reached skill level 7 in Short Blades
  3786 | D:4      | Reached XP level 7. HP: 38/46 MP: 1/9
  3978 | D:4      | Learned a level 4 spell: Summon Lightning Spire
  3992 | D:5      | Entered Level 5 of the Dungeon
  4053 | D:5      | Noticed Menkaure
  4165 | D:5      | Acquired Makhleb's first power
  4196 | D:5      | Killed Menkaure
  4196 | D:5      | Reached skill level 8 in Short Blades
  4560 | D:5      | Reached skill level 9 in Short Blades
  4580 | D:5      | Reached XP level 8. HP: 49/53 MP: 10/10
  4893 | D:5      | Reached skill level 10 in Short Blades
  5367 | D:6      | Reached skill level 4 in Fighting
  5422 | D:6      | Acquired Makhleb's second power
  5883 | D:6      | Reached skill level 5 in Fighting
  5976 | D:6      | Reached skill level 3 in Dodging
  5976 | D:6      | Reached XP level 9. HP: 28/61 MP: 2/11
  6155 | D:6      | Reached skill level 4 in Dodging
  6322 | D:7      | Reached skill level 5 in Dodging
  6527 | D:7      | Acquired Makhleb's third power
  6536 | D:7      | Reached skill level 1 in Air Magic
  6595 | D:7      | Identified a +0 rod of ignition (10/10) (You found it on level 6 of the Dungeon)
  6668 | D:7      | Reached skill level 2 in Spellcasting
  6668 | D:7      | Reached skill level 2 in Air Magic
  6869 | D:7      | Reached skill level 3 in Air Magic
  7146 | D:7      | Found a glowing golden altar of the Shining One.
  7283 | D:7      | Found a blossoming altar of Fedhas.
  7289 | D:7      | Found a sparkling altar of Nemelex Xobeh.
  7628 | D:7      | Reached skill level 4 in Air Magic
  7675 | D:7      | Reached skill level 4 in Summonings
  7715 | D:8      | Reached skill level 3 in Spellcasting
  7734 | D:8      | Reached XP level 10. HP: 66/66 MP: 13/15
  7746 | D:8      | Reached skill level 5 in Air Magic
  7798 | D:8      | Acquired Makhleb's fourth power
  8133 | D:8      | Reached skill level 5 in Summonings
  8153 | D:8      | Noticed Psyche
  8172 | D:8      | Killed Psyche
  8172 | D:8      | Reached skill level 4 in Spellcasting
  8261 | D:8      | Reached skill level 6 in Air Magic
  8301 | D:8      | Found a bloodstained altar of Trog.
  8476 | D:9      | Found a shattered altar of Ashenzari.
  8496 | D:9      | Found a snail-covered altar of Cheibriados.
  8627 | D:9      | Got a sheer robe
  8638 | D:9      | Identified the +1 robe of the Comet {rN+ rCorr Int+5} (You found it on level 9 of the Dungeon)
  8879 | D:9      | Reached skill level 3 in Stealth
  9113 | D:9      | Found a blossoming altar of Fedhas.
  9192 | D:10     | Entered Level 10 of the Dungeon
  9399 | D:10     | Noticed orochimarko's ghost (experienced TrMo)
  9433 | D:10     | Killed orochimarko's ghost
  9433 | D:10     | Reached skill level 6 in Fighting
  9708 | D:10     | Noticed Joseph
  9721 | D:10     | HP: 3/68 [Joseph/sling bullet (22)]
  9721 | D:10     | Shot with a sling bullet by Joseph

Vault maps used:
D:1:      dpeg_arrival_simpleton_a
D:2:      nicolae_underground_beach, uniq_crazy_yiuf_cottage
D:3:      first_bread, kennysheep_potato
D:4:      kennysheep_mini_moat, temple_hall, uniq_duvessa
D:5:      uniq_menkaure
D:6:      kennysheep_generic_room_2
D:7:      minmay_opposing_rooms, old_standard_altar, grunt_temple_overflow_open
D:8:      lightli_temple_of_fire, uniq_psyche
D:9:      slow_altar_2, overflow_temple_1_default, hangedman_tree_tricks
D:10:     special_room, uniq_joseph
Temple:   circular_temple_12

Action                   |  1- 3 |  4- 6 |  7- 9 | 10-12 || total
-------------------------+-------+-------+-------+-------++-------
Melee: Short sword       |   107 |       |       |       ||   107
       Unarmed           |     3 |       |       |       ||     3
       Dagger            |     3 |   147 |   305 |   147 ||   602
       Quarterstaff      |       |     1 |    74 |    44 ||   119
 Fire: Blowgun           |       |       |     6 |    18 ||    24
Throw: Stone             |    18 |     1 |       |       ||    19
       Tomahawk          |       |     4 |     4 |     5 ||    13
 Cast: Summon Small Mamm |     6 |       |       |       ||     6
       Call Imp          |     2 |    15 |    41 |       ||    58
       Summon Lightning  |       |       |       |    14 ||    14
Invok: Minor Destruction |       |       |     1 |       ||     1
Evoke: Wand              |       |       |     6 |     1 ||     7
       Rod               |       |       |     1 |       ||     1
  Use: Scroll            |     2 |     6 |    14 |     4 ||    26
       Potion            |       |     2 |       |       ||     2
 Stab: Sleeping          |     6 |     7 |    10 |     6 ||    29
       Distracted        |       |     3 |     3 |     1 ||     7
       Paralysed         |       |       |     2 |       ||     2
       Petrified         |       |       |     1 |       ||     1
  Eat: Chunk             |     3 |     7 |    15 |     9 ||    34
       Royal jelly       |       |       |     1 |       ||     1
       Pizza             |       |       |     1 |       ||     1
       Fruit             |       |       |       |     1 ||     1

Table legend:
 A = Turns spent in this place as a percentage of turns spent in the entire game.
 B = Non-inter-level travel turns spent in this place as a percentage of non-inter-level travel turns spent in the entire game.
 C = Inter-level travel turns spent in this place as a percentage of turns spent in this place.
 D = Turns resting spent in this place as a percentage of non-inter-level travel turns spent in this place.
 E = Turns spent auto-exploring this place as a percentage of non-inter-level travel turns spent in this place.
 F = Non-inter-level travel turns spent in this place divided by the number of levels of this place that you've seen.
                   A       B       C       D       E      F
               +-------+-------+-------+-------+-------+----------------------
         Total | 100.0 | 100.0 |   0.6 |   1.2 |   0.3 | 584.0
       Dungeon |  99.8 |  99.8 |   0.6 |   1.2 |   0.3 | 641.3
        Temple |   0.2 |   0.2 |   8.3 |   0.0 |   0.0 |  11.0
               +-------+-------+-------+-------+-------+----------------------

Table legend:
 A = Kills in this place as a percentage of kills in entire the game.
 B = Kills by you in this place as a percentage of kills by you in the entire game.
 C = Kills by friends in this place as a percentage of kills by friends in the entire game.
 D = Other kills in this place as a percentage of other kills in the entire game.
 E = Experience gained in this place as a percentage of experience gained in the entire game.
 F = Experience gained in this place divided by the number of levels of this place that you have seen.
                   A       B       C       D       E      F
               +-------+-------+-------+-------+-------+----------------------
         Total | 100.0 | 100.0 | 100.0 |  -nan | 100.0 | 617.3
       Dungeon | 100.0 | 100.0 | 100.0 |  -nan | 100.0 | 679.0
               +-------+-------+-------+-------+-------+----------------------

Vault maps used:
D:1:      dpeg_arrival_simpleton_a
D:2:      nicolae_underground_beach, uniq_crazy_yiuf_cottage
D:3:      first_bread, kennysheep_potato
D:4:      kennysheep_mini_moat, temple_hall, uniq_duvessa
D:5:      uniq_menkaure
D:6:      kennysheep_generic_room_2
D:7:      minmay_opposing_rooms, old_standard_altar, grunt_temple_overflow_open
D:8:      lightli_temple_of_fire, uniq_psyche
D:9:      slow_altar_2, overflow_temple_1_default, hangedman_tree_tricks
D:10:     special_room, uniq_joseph
Temple:   circular_temple_12
